 Dungeon Crawl Stone Soup version 0.24-a0-347-g1a3e1d35ff (webtiles) character file.

Game seed: 9613834263179330559

2387 sking99 the Slicer (level 9, -9/56 HPs)
             Began as a Kobold Berserker on May 22, 2019.
             Was an Elder of Trog.
             Mangled by an ice beast (13 damage)
             ... on level 6 of the Dungeon.
             The game lasted 00:19:12 (7166 turns).

sking99 the Slicer (Kobold Berserker)               Turns: 7166, Time: 00:19:12

Health: -9/56      AC: 12    Str: 17    XL:     9   Next: 74%
Magic:  9/9        EV: 10    Int:  8    God:    Trog [****..]
Gold:   325        SH:  0    Dex: 15    Spells: 8/8 levels left

rFire    . . .     SeeInvis .   b - +2 short sword (venom)
rCold    . . .     Gourm    .   (shield restricted)
rNeg     . . .     Faith    .   x - +0 chain mail
rPois    .         Spirit   .   A - +2 helmet
rElec    .         Reflect  .   (no cloak)
rCorr    .         Harm     .   (no gloves)
MR       .....                  d - +0 pair of boots
Stlth    +.........             (no amulet)
HPRegen  0.18/turn              (no ring)
MPRegen  0.11/turn              (no ring)

@: about to teleport
A: small, carnivore
a: Berserk, Trog's Hand, Brothers in Arms, Renounce Religion


You were on level 6 of the Dungeon.
You worshipped Trog.
Trog was greatly pleased with you.
You were very full.

You visited 1 branch of the dungeon, and saw 6 of its levels.

You collected 355 gold pieces.
You spent 30 gold pieces at shops.

Inventory:

Hand Weapons
 a - a +0 dagger
 b - a +2 short sword of venom (weapon)
Missiles
 k - 2 throwing nets
 p - 36 sling bullets
 q - 92 stones (quivered)
 B - 7 poisoned darts
Armour
 d - a +0 pair of boots (worn)
 n - a +0 ring mail
 x - a +0 chain mail (worn)
 A - a +2 helmet (worn)
Wands
 y - a wand of polymorph (5)
Scrolls
 h - 3 scrolls of fear
 j - a scroll of teleportation
 m - 2 scrolls of remove curse
Potions
 e - 2 potions of heal wounds
 f - a potion of agility {unknown}
 g - 3 potions of flight
 i - a potion of curing {unknown}
 l - a potion of haste
 o - a potion of magic
 t - a potion of resistance {unknown}
 u - a potion of berserk rage {unknown}
 w - a potion of mutation
 D - 2 potions of brilliance {unknown}
Comestibles
 c - 11 rations


   Skills:
 + Level 6.7 Fighting
 * Level 10.6 Short Blades
 + Level 5.3 Throwing
 - Level 1.5 Armour
 - Level 2.8 Dodging
 * Level 8.9 Stealth


You had 8 spell levels left.
You didn't know any spells.
Your spell library was empty.

Dungeon Overview and Level Annotations

Branches:
Dungeon (6/15)             Temple (0/1) D:5

Altars:
Ashenzari
Hepliaklqana
Nemelex Xobeh
Okawaru
Qazlal
Vehumet
Xom
Yredelemnul
Zin

Shops:
D:4 }::(   D:5 *


Innate Abilities, Weirdness & Mutations

You are small and have problems with some larger weapons.
You are carnivorous and can eat meat at any time.


Message History

The black bear claws you.
* * * LOW HITPOINT WARNING * * *
The black bear closely misses you.
You closely miss the ice beast.
The black bear bites you but does no damage.
The black bear closely misses you. The black bear claws you.
* * * LOW HITPOINT WARNING * * *
You hit the ice beast.
The ice beast is lightly wounded.
The ice beast misses you.
You puncture the ice beast!
The ice beast is heavily wounded.
The black bear bites you but does no damage.
The black bear claws you.
* * * LOW HITPOINT WARNING * * *
The black bear claws you but does no damage.
The ice beast hits you.
* * * LOW HITPOINT WARNING * * *
The ice beast freezes you!
You die...

#.........##...##..).........#..)
.........>.#....Y.##..........<.#
...........#....#........#..#..##
........#.....####.......#####.#
.............## ###.....# ###
........##...## #|....#
.......####...## #######
..#...####.....### #.....OY@#
#......h## #..#......#
######.....# #.#..## ######


You could see a black bear, an ice beast and an ogre.

Vanquished Creatures
  Pikel (D:3)
  Prince Ribbit (D:5)
  2 slaves (D:3)
  2 orc warriors (D:6)
  3 ogres
  A phantom (D:5)
  5 bullfrogs
  2 scorpions
  A howler monkey (D:4)
  A crimson imp (D:5)
  A bullfrog zombie (D:6)
  A centaur zombie (D:5)
  2 hounds (D:5)
  5 orc wizards
  An orc priest (D:5)
  A gnoll shaman (D:5)
  An iguana (D:5)
  Ijyb (D:3)
  4 worker ants
  A hound skeleton (D:4)
  5 gnolls
  10 adders
  6 shadow imps
  2 oozes
  3 worms
  2 dart slugs
  2 leopard geckos
  12 orcs
  5 bats
  6 giant cockroaches
  9 goblins
  8 hobgoblins
  14 jackals
  12 kobolds
  7 frilled lizards
  A jackal skeleton (D:4)
  A quokka skeleton (D:5)
  12 rats
154 creatures vanquished.

Vanquished Creatures (others)
  A bullfrog (D:4)
  An adder (D:6)
  3 orcs (D:4)
  A quokka (D:6)
6 creatures vanquished.

Grand Total: 160 creatures vanquished

Notes
Turn   | Place    | Note
-------+----------+-------------------------------------------
     0 | D:1      | sking99 the Kobold Berserker began the quest for the Orb.
     0 | D:1      | Reached XP level 1. HP: 14/14 MP: 1/1
   270 | D:1      | Reached XP level 2. HP: 19/19 MP: 2/2
   702 | D:1      | Reached XP level 3. HP: 17/23 MP: 3/3
  1215 | D:1      | Reached skill level 1 in Stealth
  1223 | D:1      | Reached ** piety under Trog
  1552 | D:2      | Reached skill level 5 in Short Blades
  1621 | D:2      | Reached XP level 4. HP: 27/29 MP: 4/4
  1811 | D:2      | Reached skill level 1 in Throwing
  2635 | D:3      | Noticed an ogre
  2809 | D:3      | Reached XP level 5. HP: 28/33 MP: 5/5
  2954 | D:3      | Noticed Ijyb
  2981 | D:3      | Killed Ijyb
  3008 | D:3      | Killed an ogre
  3008 | D:3      | Reached skill level 6 in Short Blades
  3008 | D:3      | Reached XP level 6. HP: 39/39 MP: 6/6
  3236 | D:4      | Noticed Pikel
  3236 | D:4      | Noticed a slave
  3236 | D:4      | Noticed a slave
  3236 | D:4      | Noticed a slave
  3236 | D:4      | Noticed a slave
  3264 | D:3      | Killed a slave
  3292 | D:3      | Killed a slave
  3615 | D:3      | Killed Pikel
  3615 | D:3      | Reached skill level 5 in Fighting
  3615 | D:3      | Reached skill level 7 in Short Blades
  3615 | D:3      | Reached XP level 7. HP: 41/44 MP: 7/7
  3644 | D:4      | Found Meelif's Book Shoppe.
  3645 | D:4      | Found Bocait's Gadget Shop.
  3659 | D:4      | Found Damenena's Book Boutique.
  3866 | D:4      | Reached skill level 8 in Short Blades
  3866 | D:4      | Reached XP level 8. HP: 49/49 MP: 8/8
  4068 | D:4      | Reached *** piety under Trog
  4068 | D:4      | Reached skill level 5 in Stealth
  4149 | D:4      | Found Beibuass's Weapon Boutique.
  4161 | D:4      | Bought 7 poisoned darts for 30 gold pieces
  4445 | D:4      | Found a sparkling altar of Nemelex Xobeh.
  4447 | D:4      | Found an iron altar of Okawaru.
  4543 | D:5      | Entered Level 5 of the Dungeon
  4885 | D:5      | Found a shattered altar of Ashenzari.
  5138 | D:5      | Reached skill level 9 in Short Blades
  5168 | D:5      | Found a glowing silver altar of Zin.
  5170 | D:5      | Found Zin's Purification Station.
  5260 | D:5      | Found a radiant altar of Vehumet.
  5502 | D:5      | Reached XP level 9. HP: 55/55 MP: 9/9
  5561 | D:5      | Found a staircase to the Ecumenical Temple.
  5627 | D:5      | Noticed Prince Ribbit
  5631 | D:5      | Found a stormy altar of Qazlal.
  5635 | D:5      | Killed Prince Ribbit
  6050 | D:5      | Reached **** piety under Trog
  6490 | D:6      | Reached skill level 10 in Short Blades
  6526 | D:6      | Reached skill level 5 in Throwing
  6679 | D:6      | Found a hazy altar of Hepliaklqana.
  6753 | D:6      | Found a basalt altar of Yredelemnul.
  7004 | D:6      | Found a shimmering altar of Xom.
  7166 | D:6      | Mangled by an ice beast

Levels and vault maps discovered:
D:1:      matt_arrival_los_fun, layout_loops_ring
D:2:      layout_basic, first_ration
D:3:      kennysheep_the_goblin_king, layout_rooms
D:4:      minmay_skewed_foursquare, layout_basic, grunt_temple_overflow_open,
          serial_shops, nicolae_shop_stone, nicolae_shop_waterfront, shop, shop,
          serial_park_tiny_2, minmay_misc_feat_rugged,
          kennysheep_generic_room_12, uniq_pikel
D:5:      layout_layer_cave, marbit_many_paths, zin_purify, old_standard_altar,
          minmay_temple_entry_junction_2, cheibrodos_ashenzari_chains,
          uniq_prince_ribbit1
D:6:      layout_cave_pools, xom_confusion_cloud, old_standard_altar,
          gup_sewer_entry_spiral, basic_altar

Skill      XL: |  1  2  3  4  5  6  7  8  9 |
---------------+----------------------------+-----
Stealth        | 1 2 4 6 8 |  8.9
Short Blades   | 5 6 7 8 9 10 | 10.6
Throwing       | 1 2 3 4 5 |  5.3
Fighting       | 4 5 6 |  6.7
Armour         | |  1.5
Dodging        | |  2.8

Action                   |  1- 3 |  4- 6 |  7- 9 || total
-------------------------+-------+-------+-------++-------
Melee: Short sword       |    98 |   172 |   330 ||   600
       Dagger            |       |       |    11 ||    11
Invok: Berserk           |     3 |     2 |     3 ||     8
  Use: Scroll            |       |     4 |    10 ||    14
 Stab: Sleeping          |     3 |       |     6 ||     9
       Distracted        |       |       |     1 ||     1
  Eat: Chunk             |    13 |     8 |    14 ||    35
Armor: Animal skin       |     7 |       |       ||     7
       Ring mail         |     4 |    26 |    51 ||    81
       Skin              |       |    10 |       ||    10
       Chain mail        |       |       |    45 ||    45
Dodge: Dodged            |    48 |    86 |   125 ||   259

Table legend:
 A = Non-vault XP
 B = Vault XP
 C = Vault XP percentage of total XP
 D = Non-vault monster count
 E = Vault monster count
 F = Vault count percentage of total count
                 A         B        C        D         E       F
            +---------+---------+-------+---------+---------+-------
      Total |    2179 |    1231 |  36.1 |     133 |      19 |  12.5
            +---------+---------+-------+---------+---------+-------
        D:1 |      54 |       0 |   0.0 |      31 |       0 |   0.0
        D:2 |      79 |       0 |   0.0 |      22 |       0 |   0.0
        D:3 |     149 |     662 |  81.6 |      10 |       8 |  44.4
        D:4 |     358 |      29 |   7.5 |      21 |       4 |  16.0
        D:5 |     795 |     307 |  27.9 |      35 |       2 |   5.4
        D:6 |     744 |     233 |  23.8 |      14 |       5 |  26.3
            +---------+---------+-------+---------+---------+-------
